 Dungeon Crawl Stone Soup version 0.26.1-11-gd32895ea62 (webtiles) character file.

Game seed: 2928822180962013515

16524 nothank2 the Unseen (level 12, 0/64 HPs)
             Began as a Spriggan Enchanter on July 13, 2021.
             Was an Elder of Dithmenos.
             Slain by a wyvern (18 damage)
             ... on level 3 of the Lair of Beasts.
             The game lasted 01:02:14 (17317 turns).

nothank2 the Unseen (Spriggan Enchanter)           Turns: 17317, Time: 01:02:14

Health: 0/64       AC:  7    Str:  4    XL:     12   Next: 10%
Magic:  7/21       EV: 28    Int: 14    God:    Dithmenos [****..]
Gold:   807        SH:  0    Dex: 28    Spells: 18/22 levels left

rFire    + + .     SeeInvis +   p - +1 dagger (flame)
rCold    + . .     Faith    .   (shield restricted)
rNeg     . . .     Spirit   .   E - +2 robe {rC+ rF+}
rPois    +         Reflect  .   (helmet restricted)
rElec    .         Harm     .   q - +2 cloak
rCorr    .         Rampage  .   (gloves unavailable)
Will     ++...                  (boots unavailable) Stlth **++++++++
                                (no amulet)
HPRegen  0.20/turn              J - ring of stealth
MPRegen  0.17/turn              F - ring "Geil Tykk" {rPois rF+ Int-3 Dex+7 SInv}

@: wreathed by umbra, very quick
A: very small, unfitting armour, see invisible, speed 3
a: Renounce Religion, Shadow Step


You were on level 3 of the Lair of Beasts.
You worshipped Dithmenos.
Dithmenos was greatly pleased with you.
You visited 2 branches of the dungeon, and saw 13 of its levels.

You collected 807 gold pieces.

Inventory:

Hand Weapons
 a - a +1 dagger of flaming
 p - a +1 dagger of flaming (weapon)
Missiles
 j - 3 atropa-tipped darts
Armour
 b - a +1 robe
 f - a +0 robe of willpower
 q - a +2 cloak (worn)
 E - a +2 robe of resistance (worn)
 V - +0 fire dragon scales
Jewellery
 e - a +4 ring of evasion
 s - a +4 ring of protection
 v - a +4 ring of evasion
 C - an uncursed ring of fire
 F - the ring "Geil Tykk" (right hand) {rPois rF+ Int-3 Dex+7 SInv}
   (You found it on level 7 of the Dungeon)

   [ring of protection from fire]

   It affects your intelligence (-3).
   It affects your dexterity (+7).
   It protects you from fire.
   It protects you from poison.
   It lets you see invisible.
 G - a +6 ring of intelligence
 J - a ring of stealth (left hand)
 Q - an uncursed ring of magical power {unknown}
Wands
 B - a wand of polymorph (16)
 D - a wand of flame (77)
 M - a wand of random effects (10)
 P - a wand of paralysis (10)
 T - a wand of digging (4)
Scrolls
 h - 11 scrolls of identify
 k - a scroll of blinking
 l - 9 scrolls of teleportation
 r - a scroll of fear
 u - 5 scrolls of fog
 w - 4 scrolls of magic mapping
 x - 3 scrolls of immolation
 y - a scroll of amnesia
 R - 2 scrolls of enchant armour
 S - a scroll of enchant weapon {unknown}
 U - a scroll of acquirement {unknown}
 W - a scroll of remove curse
Potions
 c - 4 potions of brilliance
 d - 2 potions of ambrosia {unknown}
 g - 3 potions of might
 i - 4 potions of attraction {unknown}
 m - 4 potions of degeneration
 n - 4 potions of heal wounds {unknown}
 o - a potion of resistance
 t - 4 potions of cancellation {unknown}
 z - 4 potions of flight {unknown}
 A - 3 potions of haste {unknown}
 I - 4 potions of mutation {unknown}
 K - 4 potions of lignification {unknown}
 L - 3 potions of curing {unknown}
 N - a potion of berserk rage {unknown}
 O - a potion of invisibility


   Skills:
 + Level 7.9 Fighting
 + Level 10.4 Short Blades
 + Level 8.8 Dodging
 + Level 16.0 Stealth
 + Level 5.7 Spellcasting
 + Level 7.6 Hexes
 - Level 5.0 Invocations


You had 18 spell levels left.
You knew the following spells:

 Your Spells              Type           Power        Failure   Level
a - Corona                Hex            27%          1%          1
b - Ensorcelled Hibernat  Hex/Ice        28%          5%          2
c - Magic Dart            Conj           16%          16%         1

Your spell library contained the following spells:

 Spells                   Type           Power        Failure   Level
 Slow                     Hex            25%          1%          2
 Confusing Touch          Hex            25%          2%          3
 Tukima's Dance           Hex            25%          2%          3
 Dazzling Flash           Conj/Hex       28%          11%         3
 Animate Skeleton         Necr           8%           16%         1
 Pain                     Necr           16%          16%         1
 Blink                    Tloc           N/A          24%         2
 Call Imp                 Summ           4%           24%         2
 Poisonous Vapours        Pois/Air       8%           24%         2
 Searing Ray              Conj           8%           24%         2
 Fulminant Prism          Conj/Hex       7%           34%         4
 Conjure Flame            Conj/Fire      4%           43%         3
 Mephitic Cloud           Conj/Pois/Air  4%           43%         3
 Vampiric Draining        Necr           2%           43%         3
 Animate Dead             Necr           2%           85%         4
 Iskenderun's Mystic Bla  Conj/Tloc      4%           85%         4
 Agony                    Necr           4%           99%         5
 Freezing Cloud           Conj/Ice/Air   2%           100%        6


Dungeon Overview and Level Annotations

Branches:
Dungeon (10/15)            Temple (0/1) D:7            Lair (3/6) D:9
  Swamp: Lair:2-4    Shoals: Lair:2-4     Snake: Lair:2-4    Spider: Lair:2-4
    Orc: D:9-12

Altars:
Dithmenos
Elyvilon
Kikubaaqudgha
Nemelex Xobeh
Okawaru
Ru
Trog
Uskayaw
Yredelemnul
The Shining One

Shops:
D:4 :   D:7 *

Annotations:
Lair:2 exclusion: 2 oklob plants


Innate Abilities, Weirdness & Mutations

You are very small and have problems with some larger weapons.
You are too small for most types of armour.
You have supernaturally acute eyesight. (SInv)
You cover ground extremely quickly.


Message History

You are encased in ice.
The wyvern bites you! The rime drake closely misses you.
Casting: Ensorcelled Hibernation (safe; 5% risk of failure)
Confirm with . or Enter, or press ? or * to list all spells.
Aiming: Ensorcelled Hibernation (safe; 5% risk of failure)
Press: ? - help, Shift-Dir - straight line, f/p - wyvern
Aim: a wyvern (umbra, chance to affect: 45%)
The wyvern resists with some effort.
The wyvern closely misses you. The rime drake bites you.
The wyvern closely misses you. The ice encasing you melts away.
Your magical contamination has completely faded away.
The rime drake breathes ice at you. The flash freeze hits you!
You partially resist.
* * * LOW HITPOINT WARNING * * *
You are encased in ice.
The wyvern completely misses you. The ice encasing you melts away.
The wyvern bites you!!
You die...

#P.## ##..# #.## #†#
#.## #..# #†.# #..#
#@.## ##l#.# #...##
#...# ##k.## ## .
#####...### ##.# ...
#........># ##..##....
#.........###....P..(.
##.................<...


You could see a rime drake and a wyvern.

Vanquished Creatures
  A hydra (Lair:1)
  5 two-headed ogres
  A wizard (D:10)
  2 centaur zombies
  Joseph (D:8)
  5 cane toads
  A centaur skeleton (D:10)
  3 komodo dragons
  A rime drake (Lair:2)
  A troll (D:10)
  A hornet (D:8)
  A large abomination (D:10)
  8 yaks
  2 basilisks (Lair:2)
  3 wyverns
  5 water moccasins
  8 orc warriors
  2 ice beasts
  A sky beast (D:8)
  A phantom (D:8)
  2 black bears
  7 ogres
  4 wolves (Lair:2)
  4 centaurs
  2 small abominations (D:10)
  15 bullfrogs
  A wyvern skeleton (D:10)
  4 scorpions
  6 killer bees
  5 howler monkeys
  An electric eel (Lair:2)
  5 bullfrog zombies
  4 jellies
  2 hounds
  8 orc priests
  Jessica (D:2)
  5 iguanas
  3 orc wizards
  2 worker ants
  2 hound zombies
  A hound skeleton (D:9)
  6 adders
  2 shadow imps
  2 white imps (D:9)
  2 ufetubi
  2 adder zombies
  An adder skeleton (D:5)
  4 worms
  4 dart slugs
  4 leopard geckos
  46 orcs
  4 giant cockroaches
  12 goblins
  10 hobgoblins
  5 jackals
  7 kobolds
  3 quokkas
  7 bats
  7 frilled lizards
  3 leopard gecko skeletons
268 creatures vanquished.

Vanquished Creatures (others)
  11 fungi
  18 plants
29 creatures vanquished.

Grand Total: 297 creatures vanquished

Notes
Turn   | Place    | Note
-------+----------+-------------------------------------------
     0 | D:1      | nothank2 the Spriggan Enchanter began the quest for the
                  | Orb.
     0 | D:1      | Reached XP level 1. HP: 9/9 MP: 5/5
   295 | D:1      | Reached XP level 2. HP: 6/13 MP: 3/6
   465 | D:1      | Learned a level 2 spell: Ensorcelled Hibernation
  1661 | D:2      | Reached skill level 5 in Hexes
  2140 | D:2      | Reached XP level 3. HP: 16/16 MP: 8/8
  2574 | D:2      | Noticed Jessica
  2580 | D:2      | Killed Jessica
  2581 | D:2      | Reached XP level 4. HP: 21/21 MP: 6/9
  4048 | D:3      | Learned a level 1 spell: Magic Dart
  4070 | D:4      | Found a hide-covered altar of Uskayaw.
  4131 | D:4      | Found a sparkling altar of Nemelex Xobeh.
  4451 | D:4      | Noticed an ice beast
  4471 | D:4      | Killed an ice beast
  4472 | D:4      | Reached skill level 5 in Stealth
  4472 | D:4      | Reached XP level 5. HP: 14/24 MP: 9/11
  4800 | D:4      | Reached skill level 6 in Stealth
  4800 | D:4      | Reached XP level 6. HP: 28/28 MP: 5/13
  4999 | D:4      | Found Pinn's Book Shoppe.
  5241 | D:4      | Found a basalt altar of Yredelemnul.
  5527 | D:5      | Entered Level 5 of the Dungeon
  5827 | D:5      | Reached skill level 7 in Stealth
  6455 | D:6      | Found a sacrificial altar of Ru.
  6512 | D:6      | Reached skill level 8 in Stealth
  6512 | D:6      | Reached skill level 5 in Spellcasting
  6512 | D:6      | Reached XP level 7. HP: 32/32 MP: 8/15
  6718 | D:5      | Reached skill level 9 in Stealth
  6869 | D:6      | Reached skill level 1 in Fighting
  7021 | D:6      | Found a shadowy altar of Dithmenos.
  7029 | D:6      | Became a worshipper of Dithmenos the Shadowed
  7045 | D:6      | Found a bloodstained altar of Trog.
  7063 | D:6      | Reached skill level 10 in Stealth
  7063 | D:6      | Reached XP level 8. HP: 31/39 MP: 16/16
  7159 | D:6      | Found a white marble altar of Elyvilon.
  8117 | D:6      | Found an ancient bone altar of Kikubaaqudgha.
  8162 | D:7      | Reached skill level 11 in Stealth
  8316 | D:7      | Got a twitching turquoise ring
  8318 | D:7      | Identified the ring "Geil Tykk" {rPois rF+ Int-3 Dex+7
                  | SInv} (You found it on level 7 of the Dungeon)
  8437 | D:7      | Noticed a two-headed ogre
  8461 | D:7      | Killed a two-headed ogre
  8462 | D:7      | Reached skill level 5 in Short Blades
  8462 | D:7      | Reached skill level 12 in Stealth
  8462 | D:7      | Reached XP level 9. HP: 45/45 MP: 4/17
  8793 | D:7      | Found a staircase to the Ecumenical Temple.
  8840 | D:7      | Found Wallus's General Store.
  9167 | D:7      | Found an iron altar of Okawaru.
  9559 | D:7      | You fall into a shaft and drop 1 floor!
  9563 | D:8      | Noticed Joseph
  9570 | D:8      | Killed Joseph
  9571 | D:8      | Reached skill level 5 in Fighting
  9689 | D:7      | Reached * piety under Dithmenos
  9690 | D:7      | Reached skill level 13 in Stealth
 10465 | D:8      | Reached XP level 10. HP: 53/53 MP: 13/18
 10949 | D:9      | Noticed a two-headed ogre
 10952 | D:9      | Killed a two-headed ogre
 10953 | D:9      | Reached skill level 14 in Stealth
 11262 | D:8      | Reached skill level 1 in Invocations
 11263 | D:8      | Reached ** piety under Dithmenos
 12401 | D:8      | Reached skill level 5 in Dodging
 12934 | D:9      | Found a glowing golden altar of the Shining One.
 12983 | D:9      | Found a staircase to the Lair.
 13071 | D:10     | Entered Level 10 of the Dungeon
 13284 | D:10     | Noticed a two-headed ogre
 13290 | D:10     | Killed a two-headed ogre
 13291 | D:10     | Reached XP level 11. HP: 58/58 MP: 14/19
 13484 | D:10     | Noticed a two-headed ogre
 13492 | D:10     | Killed a two-headed ogre
 13552 | D:10     | Reached *** piety under Dithmenos
 13910 | D:10     | Reached skill level 15 in Stealth
 14111 | D:10     | Noticed a two-headed ogre
 14118 | D:10     | Killed a two-headed ogre
 14398 | D:10     | Noticed a wizard
 14402 | D:10     | Killed a wizard
 14404 | D:10     | Noticed a large abomination
 14404 | D:10     | Noticed a large abomination
 14523 | Lair:1   | Entered Level 1 of the Lair of Beasts
 14654 | Lair:1   | Noticed a four-headed hydra
 14669 | Lair:1   | Killed a four-headed hydra
 14968 | Lair:1   | Reached skill level 10 in Short Blades
 15420 | Lair:1   | Reached skill level 5 in Invocations
 15951 | Lair:2   | Reached XP level 12. HP: 49/64 MP: 5/21
 16103 | Lair:2   | Reached **** piety under Dithmenos
 17167 | Lair:3   | Reached skill level 16 in Stealth
 17317 | Lair:3   | Slain by a wyvern

Illustrated notes

Levels and vault maps discovered:
D:1:      dpeg_arrival_round_a, layout_basic, wad_floor_pattern_untrapped,
          kennysheep_small_spiral, minmay_cupped
D:2:      layout_basic, dk_noncrumbling_2, uniq_jessica
D:3:      layout_loops_ring
D:4:      layout_basic, lemuel_doored_altar, nicolae_overflow_crystal_walls,
          kennysheep_mini, serial_shops, nicolae_shop_window_shopping
D:5:      layout_loops_ring
D:6:      layout_gridville, nicolae_overflow_hidden_temple,
          overflow_temple_1_default, old_standard_altar, marbit_many_paths,
          basic_altar
D:7:      layout_loops_corners, kennysheep_mini_moat,
          minmay_temple_entry_antechambers, serial_shops,
          nicolae_shop_statue_plus
D:8:      layout_loops_corners, uniq_joseph
D:9:      layout_rooms, general_overflow_altar, grunt_lair_entry_orc_guard_hut,
          special_room [special_room_orc]
D:10:     layout_grid_maze, minivault_14, laboratory
Lair:1:   statuecave_lemuel, layout_chaotic_city, chequers_serial_rivers_room_a,
          grunt_megastairs_5
Lair:2:   layout_layer_cave, serial_bayou_shore_a, minmay_lair_oklob_chamber
Lair:3:   layout_roguey [special_room_bee], nicolae_spider_entry_orb_guardian

Skill      XL: |  1  2  3  4  5  6  7  8  9 10 11 12 |
---------------+-------------------------------------+-----
Hexes          | 4 5 6 7 |  7.6
Spellcasting   | 3 4 5 |  5.7
Stealth        | 5 6 8 10 12 13 14 15 16 | 16.0
Fighting       | 2 4 5 6 7 |  7.9
Short Blades   | 3 5 7 9 10 | 10.4
Invocations    | 3 5 |  5.0
Dodging        | 5 8 |  8.8

Action                   |  1- 3 |  4- 6 |  7- 9 | 10-12 || total
-------------------------+-------+-------+-------+-------++-------
Melee: Dagger            |   133 |   143 |   246 |   287 ||   809
 Cast: Corona            |    36 |     6 |     4 |     9 ||    55
       Ensorcelled Hiber |     1 |    34 |    87 |   130 ||   252
       Magic Dart        |       |    13 |     6 |     6 ||    25
  Use: Scroll            |     6 |     2 |     7 |     4 ||    19
 Stab: Sleeping          |     5 |    35 |    46 |   107 ||   193
       Distracted        |       |       |     1 |     2 ||     3
Armor: Robe              |     4 |     8 |    38 |    22 ||    72
Dodge: Dodged            |    94 |   102 |   192 |   234 ||   622
